[Event "*** Titled Tuesday Blitz"]
[Site "Chess.com"]
[Date "2020.04.14"]
[Round "2"]
[White "BAS8892"]
[Black "talaicito"]
[Result "1-0"]
[WhiteElo "2648"]
[BlackElo "2318"]
[TimeControl "180+1"]
[EndTime "10:15:44 PDT"]
[Termination "BAS8892 won on time"]

1. d4 e6 2. e4 d5 3. Nc3 Nf6 4.
e5 Nfd7 5. f4 c5 6. Nf3 Nc6 7. Be3 a6 8. Qd2 b5 9. a3 Be7 10. Ne2 Na5 11. b3 b4 12. axb4 cxb4 13.
f5 exf5 14. Nf4 Nf8 15. Nh5 Ne6 16. Bd3 g6 17. Nf4 O-O 18. h4 h5 19. Nxe6 Bxe6 20. Ng5 Qb6 21. O-O Nc6 22. Qf2 a5 23. Kh1 Kg7 24. Rad1 Rac8 25. Qg3 Nxd4 26. Bxd4 Qxd4 27. Bxf5 Qc3 28. Bxe6 Qxg3 29. Bxc8 Qxh4+ 30. Nh3 Rxc8 31. Rf4 Qg3 32. Rdf1 1-0

[Event "*** Titled Tuesday Blitz"]
[Site "Chess.com"]
[Date "2020.04.14"]
[Round "2"]
[White "pheonixking2000"]
[Black "josiwales"]
[Result "1-0"]
[WhiteElo "2821"]
[BlackElo "2567"]
[TimeControl "180+1"]
[EndTime "10:15:45 PDT"]
[Termination "pheonixking2000 won by resignation"]

1. d4 d5 2. c4 c6 3. cxd5 cxd5 4. Bf4 Nf6 5. Nc3 Nc6 6. e3 Bg4 7. Qb3 Na5 8. Qa4+ Bd7 9. Qc2 e6 10. Bd3 Rc8 11. Nf3 Nc4 12. O-O Bd6 13. Ne5 Qc7 14. Bxc4 dxc4 15. Nxd7 Qxd7 16. Bxd6 Qxd6 17. Qa4+ Qc6 18.
Qxa7 O-O 19. Qa4 Qd6 20. h3 Nd5 21. Rac1 Nb4 22. Ne4 Qe7 23. Nc5 Nd3 24. Nxd3 cxd3 25. Qb3 Rxc1 26. Rxc1 d2 27. Rd1 Rc8 28. Qd3 Qb4 29.
Qxd2 Qa4 30. a3 Rc2 31. Rc1 Rxc1+ 32. Qxc1 h6 33. Qc8+ Kh7 34. Qxb7 Qd1+ 35. Kh2 Qc2 36. Qxf7 Qxb2 37. a4 Qb8+ 38. Qf4 Qa8 39. Qe5 Qxa4 40. Qe4+ Kh8 41. Qxe6 Qc2 42. Qf7 Qe4 43. Qf3 Qe6 44. d5 Qe5+ 45. g3 Kh7 46. e4 h5 1-0

[Event "*** Titled Tuesday Blitz"]
[Site "Chess.com"]
[Date "2020.04.14"]
[Round "2"]
[White "Everyfishknows"]
[Black "elefante38"]
[Result "1-0"]
[WhiteElo "2360"]
[BlackElo "2790"]
[TimeControl "180+1"]
[EndTime "10:15:45 PDT"]
[Termination "Everyfishknows won by resignation"]

1. d4 Nf6 2. c4 g6 3. Nc3 d5 4. Nf3 Bg7 5. Bg5 Ne4 6. Bf4 Nxc3 7. bxc3 dxc4 8. e3 Be6 9. Nd2 O-O 10. Bxc4 Bxc4 11. Nxc4 Qd5 12. Qb3 Qxg2 13. O-O-O c5 14.
Rhg1 Qe4 15. Qc2 Qxc2+ 16. Kxc2 cxd4 17. cxd4 Nc6 18. Rb1 Rac8 19. Kd2 Nxd4 20. exd4 Rxc4 21. Rxb7 Rxd4+ 22. Ke3 Rc8 23. Bc7 Rd7 24. Rc1 a6 25. Bf4 Rxc1 26. Rb8+ Bf8 27. Bh6 1-0

[Event "*** Titled Tuesday Blitz"]
[Site "Chess.com"]
[Date "2020.04.14"]
[Round "2"]
[White "nfds"]
[Black "BahadirOzen"]
[Result "1/2-1/2"]
[WhiteElo "2582"]
[BlackElo "2831"]
[TimeControl "180+1"]
[EndTime "10:15:46 PDT"]
[Termination "Game drawn by agreement"]

1. Nf3 d5 2. d4 Nf6 3. Bf4 e6 4. e3 Bd6 5. Bd3 c5 6. dxc5 Bxc5 7. O-O O-O 8. c4 dxc4 9. Bxc4 b6 10. Nc3 Bb7 11.
Qxd8 Rxd8 12. Rfd1 Nc6 13. a3 h6 14. h3 Be7 15. Rac1 Rxd1+ 16. Rxd1 Rd8 17. Rxd8+ Bxd8 18. Kf1 Kf8 19. Bd6+ Be7 20. Bf4 Ke8 21. Ke2 Kd8 22.
Bb5 Nd7 23. g4 a6 24. Bd3 Nc5 25. Bc2 g5 26. Bg3 Bf6 27. Nd1 Nd7 28. Nd2 b5 1/2-1/2

[Event "*** Titled Tuesday Blitz"]
[Site "Chess.com"]
[Date "2020.04.14"]
[Round "2"]
[White "GreatOwl02"]
[Black "Er_is_geen_hoop_meer"]
[Result "0-1"]
[WhiteElo "2214"]
[BlackElo "2478"]
[TimeControl "180+1"]
[EndTime "10:15:46 PDT"]
[Termination "Er_is_geen_hoop_meer won by resignation"]

1. d4 g6 2. c4 Bg7 3. Nc3 d6 4. e4 e5 5. Nf3 Nc6 6. d5 Nd4 7. Be2 Nxe2 8. Qxe2 Nf6 9. O-O O-O 10. Ne1 Nh5 11.
Nd3 Qh4 12. Be3 f5 13. f3 f4 14. Bf2 Ng3 15. Qe1 g5 16. hxg3 Qh5 17. g4 Qg6 18.
Qd2 h5 19. gxh5 Qxh5 20. Rfc1 g4 21. fxg4 Bxg4 22. c5 f3 23. Be3 Kf7 24. Kf2 Qh4+ 25. Kf1 Qh1+ 26. Kf2 Qxg2+ 27. Ke1 Qh1+ 28. Kf2 Qh2+ 29.
Ke1 Qh4+ 30. Kd1 dxc5 31. Nxc5 b6 32. Nd3 c5 33. dxc6 Rfd8 34. Kc2 Rac8 35. Rh1 Qf6 36. Raf1 Rxc6 37. Bg5 Rxd3 38. Kxd3 Rd6+ 39. Ke3 Qxg5+ 40. Kf2 Rxd2+ 0-1

[Event "*** Titled Tuesday Blitz"]
[Site "Chess.com"]
[Date "2020.04.14"]
[Round "2"]
[White "sergiochess83"]
[Black "grunbergmihai"]
[Result "1-0"]
[WhiteElo "2813"]
[BlackElo "2349"]
[TimeControl "180+1"]
[EndTime "10:15:47 PDT"]
[Termination "sergiochess83 won by resignation"]

1. e4 Nf6 2. e5 Nd5 3. d4 d6 4.
Nf3 dxe5 5. Nxe5 c6 6. Bd3 Nd7 7. Nf3 g6 8. O-O Bg7 9. Re1 O-O 10. c4 Nc7 11. Nc3 Ne6 12. Be3 Nf6 13. h3 Qc7 14. Qd2 Rd8 15. Rad1 Nh5 16. Bf1 b6 17. d5 Bb7 18. Bh6 Nf8 19. Bxg7 Nxg7 20. Qg5 e6 21.
Ne4 Nd7 22. d6 Qc8 23. Ne5 Nxe5 24. Nf6+ Kf8 25. Nxh7+ Kg8 26. Nf6+ Kf8 27. Qh6 Rxd6 28. Rxd6 Ke7 29. Qxg7 Kxd6 30. Ne4+ Ke7 31. Qxe5 1-0

[Event "*** Titled Tuesday Blitz"]
[Site "Chess.com"]
[Date "2020.04.14"]
[Round "2"]
[White "ErikRonka"]
[Black "Y0ung_Capablanca"]
[Result "0-1"]
[WhiteElo "2382"]
[BlackElo "2682"]
[TimeControl "180+1"]
[EndTime "10:15:48 PDT"]
[Termination "Y0ung_Capablanca won by resignation"]

1. e4 c6 2. Nf3 d5 3. d3 Bg4 4. h3 Bh5 5. Nc3 e6 6. g4 Bg6 7. h4 h6 8. Ne5 Bh7 9. Qf3 Qc7 10. Bf4 Bd6 11. Qg3 g5 12. hxg5 hxg5 13. Bxg5 Bxe5 14.
f4 Bxc3+ 15. bxc3 Qa5 16. Kd2 d4 17. Rb1 Qxc3+ 18. Kd1 Nd7 19. Rxb7 Nc5 20. Rb1 Nxe4 21. dxe4 Qxg3 0-1

[Event "*** Titled Tuesday Blitz"]
[Site "Chess.com"]
[Date "2020.04.14"]
[Round "2"]
[White "davigator"]
[Black "ADODOVE"]
[Result "1-0"]
[WhiteElo "2365"]
[BlackElo "1797"]
[TimeControl "180+1"]
[EndTime "10:15:50 PDT"]
[Termination "davigator won on time"]

1. e4 e5 2. Nf3 Nc6 3. Bb5 a6 4. Ba4 Nf6 5. O-O Be7 6. Re1 b5 7. Bb3 d6 8. c3 O-O 9. h3 Bb7 10.
d3 Na5 11. Bc2 c5 12. Nbd2 Re8 13. Nf1 Nc6 14. Ng3 g6 15. b3 Bf8 16. Bb2 Bg7 17. Rc1 Rc8 18. d4 exd4 19. cxd4 Nb4 20. Bb1 cxd4 21. Rxc8 Qxc8 22. Bxd4 Nc6 23. Bb2 Nxe4 24.
Bxg7 Nxg3 25. Ba1 Nf5 26. Qd2 Rxe1+ 27. Nxe1 Qe6 28. Nf3 Ne5 29. Nxe5 dxe5 30. Qd8+ Kg7 31. f4 f6 32. fxe5 fxe5 33. Qc7+ Qe7 34. Bxe5+ Kf7 35. Qc3 1-0

[Event "*** Titled Tuesday Blitz"]
[Site "Chess.com"]
[Date "2020.04.14"]
[Round "2"]
[White "Harut-1998"]
[Black "rasmussvane"]
[Result "0-1"]
[WhiteElo "2588"]
[BlackElo "2883"]
[TimeControl "180+1"]
[EndTime "10:15:51 PDT"]
[Termination "rasmussvane won on time"]

1. d4 d5 2. c4 e6 3. Nf3 a6 4. cxd5 exd5 5. Nc3 Nf6 6. Bg5 Be6 7.
e3 Nbd7 8. Bd3 Bd6 9. O-O c6 10. Qc2 Qc7 11. Bh4 h6 12. Bg3 O-O 13. Bxd6 Qxd6 14.
h3 Rfe8 15. a3 Qe7 16. Na4 g6 17. b4 Nh5 18. Nc5 Ndf6 19. a4 Rec8 20. Ne5 Ng7 21.
f3 h5 22. e4 Rd8 23. Bxa6 bxa6 24. Nxc6 Qe8 25. Nxd8 Qxd8 26. e5 Nfe8 27. Qd2 h4 28. f4 Bf5 29. b5 axb5 30. axb5 Rb8 31. Qb4 Qb6 32. Ra5 Nc7 0-1

[Event "*** Titled Tuesday Blitz"]
[Site "Chess.com"]
[Date "2020.04.14"]
[Round "2"]
[White "mrkvoz"]
[Black "Larina_Marija"]
[Result "1-0"]
[WhiteElo "2788"]
[BlackElo "2341"]
[TimeControl "180+1"]
[EndTime "10:15:52 PDT"]
[Termination "mrkvoz won on time"]

1. e4 d5 2. exd5 Qxd5 3. Nc3 Qa5 4. Bc4 Nf6 5. d3 Bf5 6. Bd2 c6 7. Qe2 Nbd7 8. h3 h6 9. Nf3 e6 10. g4 Bh7 11. O-O-O Be7 12. Rhe1 Qc7 13. Ne4 O-O-O 14. Bc3 Nxe4 15. dxe4 Rhg8 16. a3 Kb8 17. Kb1 Ka8 18. Rd2 Nb6 19. Rxd8+ Bxd8 20. Be5 Qe7 21.
Bb3 Bc7 22. Bc3 f6 23. Nd4 Re8 24. Nxe6 Be5 25. Bxe5 fxe5 26. Qe3 Bg8 27. Nc5 1-0

[Event "*** Titled Tuesday Blitz"]
[Site "Chess.com"]
[Date "2020.04.14"]
[Round "2"]
[White "chessintuit"]
[Black "Charlottemillard17"]
[Result "1-0"]
[WhiteElo "2626"]
[BlackElo "1375"]
[TimeControl "180+1"]
[EndTime "10:15:53 PDT"]
[Termination "chessintuit won by checkmate"]

1. e4 e5 2. Nf3 Nc6 3. Bb5 a6 4. Ba4 Bc5 5. O-O b5 6. Bb3 Nf6 7. c3 h6 8. d4 exd4 9. cxd4 Bb4 10. e5 Nh7 11. Bd2 Bxd2 12. Nbxd2 O-O 13. Ne4 Bb7 14.
Nc5 Bc8 15. Rc1 d6 16. Ne4 Bb7 17. e6 Na5 18. exf7+ Kh8 19. Ned2 Nxb3 20. Qxb3 Qf6 21. Rxc7 Rab8 22. Re1 Qf5 23. Nh4 Qg5 24. Qg3 Qxg3 25. hxg3 Ng5 26. Ng6+ Kh7 27. Nxf8+ Rxf8 28. Rxb7 Nxf7 29.
Ree7 Kg8 30. Ne4 g5 31. Nxd6 Nxd6 32. Rg7+ Kh8 33. Rh7+ Kg8 34. Rbg7# 1-0

[Event "*** Titled Tuesday Blitz"]
[Site "Chess.com"]
[Date "2020.04.14"]
[Round "2"]
[White "MFBerna"]
[Black "Mischuk_D"]
[Result "0-1"]
[WhiteElo "2333"]
[BlackElo "2700"]
[TimeControl "180+1"]
[EndTime "10:15:53 PDT"]
[Termination "Mischuk_D won on time"]

1. e4 c5 2. Nf3 d6 3. d4 cxd4 4. Nxd4 Nf6 5. Nc3 a6 6. Be2 e5 7. Nb3 Be7 8. O-O O-O 9. a4 b6 10. f4 Nbd7 11. Kh1 Bb7 12. Nd2 Nc5 13. Bf3 exf4 14.
Nc4 Ne6 15. Nd5 Nxd5 16. exd5 Ng5 17. Bxf4 Nxf3 18. Qxf3 f5 19. Be3 b5 20. Nb6 Rb8 21. axb5 axb5 22. Ra5 Qe8 23. Ra7 Bd8 24. Qf2 Bxb6 25.
Bxb6 Bxd5 26. Bd4 Rb7 27. Rxb7 Bxb7 28. Re1 Qd7 29. Qg3 Be4 30. c3 h6 31. Qg6 d5 32.
Ra1 Qf7 33. Qd6 Qh5 34. Qe5 Qg6 0-1

[Event "*** Titled Tuesday Blitz"]
[Site "Chess.com"]
[Date "2020.04.14"]
[Round "2"]
[White "Berardino"]
[Black "Falia-p"]
[Result "1-0"]
[WhiteElo "2690"]
[BlackElo "2331"]
[TimeControl "180+1"]
[EndTime "10:15:54 PDT"]
[Termination "Berardino won by resignation"]

1. e4 c6 2. d4 d5 3. Nc3 dxe4 4.
Nxe4 Nf6 5. Ng3 h5 6. h4 Bg4 7. Be2 Qd5 8. Bxg4 hxg4 9. Rh2 e6 10. N1e2 Na6 11. c3 O-O-O 12. Nf4 Qb5 13. Qe2 Qxe2+ 14.
Kxe2 c5 15. Be3 cxd4 16. cxd4 Kb8 17. a3 Nc7 18. h5 Ncd5 19. Rhh1 Bd6 20. Nxd5 Nxd5 21.
Ne4 Be7 22. g3 Rc8 23. Kd3 f5 24. Nd2 Nf6 25. h6 gxh6 26. Rxh6 Rxh6 27. Bxh6 Ne4 28. Nxe4 fxe4+ 29. Kxe4 Rc2 30. Bf4+ Kc8 31. Rc1 Rxc1 32. Bxc1 Kd7 33. Kf4 Bf6 34. Be3 Kd6 35. Kxg4 Kd5 36. Kh5 Kc4 37. Kg6 Bd8 38. Kf7 Kb3 39. Kxe6 Kxb2 40.
g4 Kxa3 41. g5 Bxg5 42. Bxg5 b5 43. d5 b4 44. d6 b3 45. Bf6 a5 46. d7 a4 47.
d8=Q 1-0

[Event "*** Titled Tuesday Blitz"]
[Site "Chess.com"]
[Date "2020.04.14"]
[Round "2"]
[White "michaelk123"]
[Black "The_Chess_Coach"]
[Result "1-0"]
[WhiteElo "2456"]
[BlackElo "2186"]
[TimeControl "180+1"]
[EndTime "10:15:54 PDT"]
[Termination "michaelk123 won by resignation"]

1. e4 e5 2. Nf3 Nc6 3. Bb5 a6 4. Ba4 Nf6 5. O-O Be7 6. Re1 b5 7. Bb3 O-O 8. a4 d5 9. axb5 dxe4 10. bxc6 exf3 11. Qxf3 e4 12. Qg3 Bd6 13. Qh4 h6 14. d3 g5 15. Bxg5 hxg5 16. Qxg5+ Kh7 17. dxe4 Ng4 18. Qh5+ Kg7 19. h3 Rh8 20. Qxf7+ Kh6 21. hxg4 Bxg4 22. e5 Bc5 23. Qf4+ Qg5 24. Qxg5+ Kxg5 25. Nc3 Rh1+ 26. Kxh1 Bxf2 27. Ne4+ 1-0

[Event "*** Titled Tuesday Blitz"]
[Site "Chess.com"]
[Date "2020.04.14"]
[Round "2"]
[White "Szczor"]
[Black "FCChelsea14"]
[Result "1-0"]
[WhiteElo "2581"]
[BlackElo "2805"]
[TimeControl "180+1"]
[EndTime "10:15:55 PDT"]
[Termination "Szczor won by resignation"]

1. e4 c6 2. d4 d5 3. Nc3 dxe4 4. Nxe4 Bf5 5. Ng3 Bg6 6. Nf3 Nd7 7. Bd3 e6 8. O-O Ngf6 9. c4 Be7 10. b3 O-O 11. Bb2 a5 12. a4 Qb6 13. Bxg6 hxg6 14. Qc2 Rfd8 15. Rad1 Bd6 16. Rfe1 Bb4 17. Bc3 Bxc3 18. Qxc3 Nb8 19. Ne4 Nxe4 20. Rxe4 Nd7 21. Ng5 Nf6 22. Rh4 Kf8 23. Re1 Qb4 24. Qe3 Kg8 25. Nxf7 Re8 26. Ne5 Rad8 27. Nxg6 c5 28. Rh8+ Kf7 29. Ne5+ Ke7 30.
Rxe8+ Rxe8 31. d5 Kd6 32. dxe6 Kc7 33. Nd3 Qb6 34. Qxc5+ Qxc5 35. Nxc5 1-0

[Event "*** Titled Tuesday Blitz"]
[Site "Chess.com"]
[Date "2020.04.14"]
[Round "2"]
[White "Spalir"]
[Black "Torrentec"]
[Result "0-1"]
[WhiteElo "2606"]
[BlackElo "2320"]
[TimeControl "180+1"]
[EndTime "10:15:55 PDT"]
[Termination "Torrentec won by resignation"]

1. e4 e5 2. Nc3 Bc5 3. f4 d6 4. Nf3 Nc6 5. Bc4 a6 6. d3 Bg4 7. h3 Bxf3 8. Qxf3 Nd4 9. Qd1 Qh4+ 10. Kf1 Nb3 11. Qe2 Nxa1 12. f5 Nf6 13. Nd5 Nxd5 14.
Bxd5 c6 15. Bc4 b5 16. Bb3 Nxb3 17. axb3 O-O 18. Bd2 a5 19. Qf3 b4 20. g3 Qf6 21.
Kg2 a4 22. bxa4 Rxa4 23. g4 Ra2 24. g5 Qd8 25. f6 g6 26. h4 Rxb2 27. h5 Rxc2 28. Qd1 b3 29. hxg6 fxg6 30. Rxh7 Rxd2+ 31. Qxd2 Kxh7 32. Qd1 Rh8 33. Qxb3 Qd7 34. Kg3 d5 35.
Qa2 Kg8 36. Qa8+ Bf8 37. Kf2 Rh2+ 0-1

[Event "*** Titled Tuesday Blitz"]
[Site "Chess.com"]
[Date "2020.04.14"]
[Round "2"]
[White "vizumatv4hoda"]
[Black "claudyna16"]
[Result "1-0"]
[WhiteElo "2744"]
[BlackElo "2523"]
[TimeControl "180+1"]
[EndTime "10:15:56 PDT"]
[Termination "vizumatv4hoda won by resignation"]

1. e4 e5 2. d4 exd4 3. Nf3 Nc6 4.
c3 d5 5. Bd3 Bg4 6. O-O dxc3 7.
Nxc3 d4 8. Nd5 Ne5 9. Nxe5 Bxd1 10. Bb5+ c6 11. Nxc6 Be2 12. Nxd8+ Bxb5 13. Nc7+ Kxd8 14.
Nxb5 Bc5 15. Nxd4 Nf6 16. Bg5 h6 17. Bxf6+ gxf6 18. Rac1 Bb6 19. Nf5 Kd7 20. Rfd1+ Ke6 21. g4 Rhd8 22. Kg2 Rxd1 23. Rxd1 Ke5 24. Rd7 Rc8 25.
Kf3 Rc7 26. Rxc7 Bxc7 27. Nxh6 Kd4 28. h4 Kd3 29. Nf5 Kc2 30. h5 Kxb2 31. h6 Kxa2 32. h7 b5 33. h8=Q b4 34. Qxf6 1-0

[Event "*** Titled Tuesday Blitz"]
[Site "Chess.com"]
[Date "2020.04.14"]
[Round "2"]
[White "Leo_C"]
[Black "malandragem"]
[Result "0-1"]
[WhiteElo "2263"]
[BlackElo "2507"]
[TimeControl "180+1"]
[EndTime "10:15:56 PDT"]
[Termination "malandragem won by resignation"]

1. d4 Nf6 2. c4 g6 3. f3 Bg7 4.
e4 d6 5. Nc3 O-O 6. Be3 Nbd7 7.
Nge2 a6 8. Qd2 b5 9. cxb5 axb5 10. Nxb5 c6 11. Nbc3 e5 12. dxe5 Nxe5 13. Nd4 d5 14.
Be2 dxe4 15. fxe4 Neg4 16. Bg5 Qb6 17. h3 Rd8 18. Rd1 c5 19. Nd5 Rxd5 20. exd5 Ne4 21. Qc2 Nxg5 22. hxg4 Bxd4 23. Qd2 Ne4 24. Qh6 Qb4+ 25.
Rd2 Qxd2+ 26. Qxd2 Nxd2 27. Kxd2 Rxa2 0-1

[Event "*** Titled Tuesday Blitz"]
[Site "Chess.com"]
[Date "2020.04.14"]
[Round "2"]
[White "MartinMatthiesen"]
[Black "Playgood28"]
[Result "1-0"]
[WhiteElo "2425"]
[BlackElo "2157"]
[TimeControl "180+1"]
[EndTime "10:15:56 PDT"]
[Termination "MartinMatthiesen won by resignation"]

1. d4 f5 2. Nf3 g6 3. g3 Nf6 4.
Bg2 Bg7 5. O-O d6 6. b3 O-O 7.
Bb2 Nc6 8. c4 Qe8 9. Nc3 e5 10.
dxe5 dxe5 11. Nd5 e4 12. Nxc7 Qe7 13. Nxa8 exf3 14. Bxf3 Be6 15. Qd2 Rxa8 16. Rfd1 Re8 17. Qd6 Qxd6 18. Rxd6 Ne4 19. Bxe4 Bxb2 20. Bxc6 bxc6 21.
Rb1 Be5 22. Rxc6 Kf7 23. Rd1 Rc8 24. Rxc8 Bxc8 25. Rd8 Be6 26. e3 a5 27. Ra8 Bc3 28. Ra7+ Kg8 29. c5 Kf8 30. c6 Ke8 31. Ra8+ Ke7 32. c7 1-0

[Event "*** Titled Tuesday Blitz"]
[Site "Chess.com"]
[Date "2020.04.14"]
[Round "2"]
[White "Witaliss"]
[Black "MarcoCorvi"]
[Result "1-0"]
[WhiteElo "2427"]
[BlackElo "2148"]
[TimeControl "180+1"]
[EndTime "10:15:56 PDT"]
[Termination "Witaliss won by resignation"]

1. d4 f5 2. Bf4 d6 3. e3 e6 4.
c4 Nf6 5. Nc3 Be7 6. h3 O-O 7.
Nf3 Nc6 8. a3 Ne4 9. Nxe4 fxe4 10.
Nd2 d5 11. Rc1 Rxf4 12. exf4 Nxd4 13. Nb3 Nxb3 14. Qxb3 d4 15. c5 Kh8 16. g3 Qd5 17.
Qxd5 exd5 18. b4 c6 19. Be2 d3 20. Bg4 Bf6 21. Kd2 Kg8 22. Rb1 a6 23. f3 a5 24. Bxc8 Rxc8 25. fxe4 dxe4 26. Rhe1 axb4 27. Rxb4 Ra8 28. Rexe4 Rxa3 29. Rxb7 h6 30. Re6 Bd4 31. Rxc6 Bf2 32. Rcc7 Bd4 33. c6 Bc3+ 34. Kxd3 Ba5+ 35.
Ke4 Bxc7 36. Rxc7 Rxg3 37. Rd7 Rc3 38. c7 Kh7 39. f5 Rc1 40. f6 Re1+ 41. Kd5 Rd1+ 42. Ke6 Re1+ 43. Kf7 1-0

[Event "*** Titled Tuesday Blitz"]
[Site "Chess.com"]
[Date "2020.04.14"]
[Round "2"]
[White "korason34"]
[Black "icychess54"]
[Result "1-0"]
[WhiteElo "2481"]
[BlackElo "2215"]
[TimeControl "180+1"]
[EndTime "10:15:57 PDT"]
[Termination "korason34 won on time"]

1. d4 d5 2. c4 c6 3. Nf3 Nf6 4. Nc3 e6 5. Bg5 Nbd7 6. e3 Qa5 7. Nd2 Bb4 8. Qc2 Ne4 9. Ndxe4 dxe4 10. Bh4 e5 11. Be2 exd4 12. exd4 O-O 13. O-O Re8 14.
Nxe4 Nf8 15. a3 Bf5 16. Bd3 Bxe4 17. Bxe4 Qh5 18. Bg3 Be7 19. Rad1 Ne6 20. Bf3 Qg5 21. d5 Nf4 22. dxc6 h5 23. cxb7 Rab8 24. Rfe1 Bc5 25. Rxe8+ Rxe8 26. Qd2 Bxf2+ 27. Qxf2 1-0

[Event "*** Titled Tuesday Blitz"]
[Site "Chess.com"]
[Date "2020.04.14"]
[Round "2"]
[White "karinachess1"]
[Black "fabianvivasz"]
[Result "1-0"]
[WhiteElo "2491"]
[BlackElo "2233"]
[TimeControl "180+1"]
[EndTime "10:15:59 PDT"]
[Termination "karinachess1 won by resignation"]

1. Nf3 c5 2. e4 d6 3. d4 cxd4 4.
Nxd4 Nf6 5. Nc3 a6 6. Be3 e5 7.
Nf3 Be7 8. Bc4 h6 9. O-O O-O 10.
Qe2 Be6 11. Bb3 Nbd7 12. Rad1 Qc7 13. Nh4 Bxb3 14. axb3 Rfc8 15. Nf5 Bf8 16. Qf3 Kh7 17. Qh3 Nc5 18. Qh4 Ne6 19. Bxh6 gxh6 20. Qxf6 Rd8 21.
Rd3 Nf4 22. Rg3 Ng6 23. h4 Be7 24. Qxf7+ Kh8 1-0

[Event "*** Titled Tuesday Blitz"]
[Site "Chess.com"]
[Date "2020.04.14"]
[Round "2"]
[White "Mikhail_Golubev"]
[Black "northridgehawk"]
[Result "1-0"]
[WhiteElo "2513"]
[BlackElo "2282"]
[TimeControl "180+1"]
[EndTime "10:16:00 PDT"]
[Termination "Mikhail_Golubev won by resignation"]

1. e4 e5 2. Nf3 Nc6 3. Nc3 Nf6 4. g3 Bc5 5. Bg2 d6 6. d3 a6 7. h3 O-O 8. O-O h6 9. Re1 Be6 10. Be3 Qd7 11. Kh2 Rfe8 12. d4 exd4 13. Nxd4 Rad8 14. Nxc6 Qxc6 15. e5 d5 16. exf6 Bxe3 17. Rxe3 Qb6 18. Nxd5 Qxb2 19. c4 c6 20. Rb1 Qxa2 21. Rxe6 fxe6 22.
Rxb7 exd5 23. Rxg7+ Kh8 24. Qh5 Qd2 25. Qg6 1-0

[Event "*** Titled Tuesday Blitz"]
[Site "Chess.com"]
[Date "2020.04.14"]
[Round "2"]
[White "lifeissofun"]
[Black "Orest_Vovk"]
[Result "0-1"]
[WhiteElo "2214"]
[BlackElo "2475"]
[TimeControl "180+1"]
[EndTime "10:16:00 PDT"]
[Termination "Orest_Vovk won by resignation"]

1. e4 Nc6 2. d4 e5 3. Nf3 Nxd4 4. Nxd4 exd4 5. Qxd4 Ne7 6. Bc4 Nc6 7. Qd1 Bb4+ 8. c3 Bc5 9. O-O d6 10. Kh1 O-O 11. f4 Qh4 12. Qf3 Bg4 13. Qd3 Be6 14.
Bd5 Bxd5 15. exd5 Ne7 16. Be3 Bxe3 17. Qxe3 Nf5 18. Qf3 Rfe8 19. Nd2 Re3 20. Qf2 Qxf2 21.
Rxf2 Rae8 22. Nf3 Rd3 23. c4 Nd4 24. Ng1 g6 25. h3 Ree3 26. Kh2 h5 27. Raf1 a5 28.
Nf3 Nxf3+ 29. Rxf3 Rxf3 30. Rxf3 Rxf3 31. gxf3 Kg7 32. Kg3 Kf6 33. Kf2 Kf5 34. Ke3 h4 35. b3 c5 36. a3 b6 37. a4 f6 38. Ke2 Kxf4 39. Kf2 f5 40. Kg2 Ke3 0-1

[Event "*** Titled Tuesday Blitz"]
[Site "Chess.com"]
[Date "2020.04.14"]
[Round "2"]
[White "mathapples"]
[Black "SahajGrover"]
[Result "0-1"]
[WhiteElo "2333"]
[BlackElo "2700"]
[TimeControl "180+1"]
[EndTime "10:16:01 PDT"]
[Termination "SahajGrover won by resignation"]

1. d4 d5 2. c4 e6 3. Nc3 a6 4. cxd5 exd5 5. Nf3 Nf6 6. Bf4 Bd6 7. Bxd6 Qxd6 8. e3 Bg4 9. Be2 Nbd7 10. O-O O-O 11.
h3 Bh5 12. Rc1 c6 13. Na4 Ne4 14. Nd2 Bxe2 15. Qxe2 f5 16. Nxe4 fxe4 17. Nc5 Nxc5 18. Rxc5 Rf6 19. f4 exf3 20. Rxf3 Raf8 21. Rxf6 Qxf6 22.
Rc1 Re8 23. Rf1 Qxd4 24. Rf3 Qh4 25. Kh2 h6 26. Qd3 Qe4 27. Qb3 Qe5+ 28. Kh1 Re7 29. Qb6 Qc7 30. Qa7 Kh7 31. Rf8 Qg3 32. Qa8 Rxe3 33. Rh8+ Kg6 34. Rxh6+ Kxh6 35. Qh8+ Kg6 0-1

[Event "*** Titled Tuesday Blitz"]
[Site "Chess.com"]
[Date "2020.04.14"]
[Round "2"]
[White "Shield12"]
[Black "bait_or_mate"]
[Result "1-0"]
[WhiteElo "2882"]
[BlackElo "2588"]
[TimeControl "180+1"]
[EndTime "10:16:02 PDT"]
[Termination "Shield12 won by resignation"]

1. e4 c5 2. Nf3 e6 3. d4 cxd4 4. Nxd4 Nc6 5. Nc3 Qc7 6. g3 a6 7. Bg2 Nf6 8. O-O h5 9. Bg5 Bc5 10. Nxc6 dxc6 11. e5 Qxe5 12. Ne4 Be7 13. Bf4 Qxb2 14.
Nd6+ Kf8 15. Rb1 Qxa2 16. Qd3 Qa5 17. Nc4 Qd8 18. Nb6 Bd7 19. Bd6 Bxd6 20. Qxd6+ Qe7 21. Qxe7+ Kxe7 22. Nxa8 Rxa8 23. Rxb7 Ke8 24. Rd1 a5 25. Rdxd7 Nxd7 26. Bxc6 Rd8 27. c4 Ke7 28. c5 e5 29.
Bxd7 Rxd7 30. c6 1-0

[Event "*** Titled Tuesday Blitz"]
[Site "Chess.com"]
[Date "2020.04.14"]
[Round "2"]
[White "BabyBoss31"]
[Black "S2PAc"]
[Result "0-1"]
[WhiteElo "2338"]
[BlackElo "2759"]
[TimeControl "180+1"]
[EndTime "10:16:05 PDT"]
[Termination "S2PAc won by resignation"]

1. d4 Nf6 2. c4 e6 3. Nf3 c5 4. d5 exd5 5. cxd5 Bd6 6. Nc3 Bc7 7. Bg5 d6 8. g3 a6 9. a4 Nbd7 10. Bg2 h6 11. Bf4 O-O 12. O-O Re8 13. Re1 Rb8 14.
Qd3 Nf8 15. e4 Ng6 16. Bd2 Bd7 17. b3 b5 18. axb5 axb5 19. h4 Ng4 20. Qc2 Bb6 21. Nh2 N6e5 22. Nxg4 Nxg4 23. Be3 Qf6 24. Rac1 Nxe3 25. Rxe3 c4 26. Rf3 Qe5 27. bxc4 bxc4 28. Qa2 Bg4 29. Rf4 h5 30. Qxc4 Rec8 31. Qd3 Qd4 32.
Qxd4 Bxd4 33. Na2 Rxc1+ 34. Nxc1 Rb1 35. Kh2 Rxc1 36. f3 Bg1+ 0-1

[Event "*** Titled Tuesday Blitz"]
[Site "Chess.com"]
[Date "2020.04.14"]
[Round "2"]
[White "beto-betun"]
[Black "Sanyura"]
[Result "0-1"]
[WhiteElo "2097"]
[BlackElo "2399"]
[TimeControl "180+1"]
[EndTime "10:16:05 PDT"]
[Termination "Sanyura won on time"]

1. d4 Nf6 2. Nf3 g6 3. g3 Bg7 4. Bg2 O-O 5. O-O d6 6. c4 Nbd7 7. Nc3 e5 8. e4 exd4 9. Nxd4 Nc5 10. Re1 Ng4 11. f4 c6 12. h3 Qb6 13. hxg4 Ne6 14. Kh2 Bxd4 15. Qe2 Bg7 16. Be3 Qa5 17. Rad1 Rd8 18. f5 Nf8 19. g5 gxf5 20. exf5 Bxf5 21. Rf1 Bg6 22. Ne4 Re8 23. Nf6+ Kh8 24. Qf3 Qe5 25. Bf4 Qf5 26. g4 Qc2 27. Rf2 Qxc4 28. Qh3 Ne6 29. Rh1 Nxf4 0-1

[Event "*** Titled Tuesday Blitz"]
[Site "Chess.com"]
[Date "2020.04.14"]
[Round "2"]
[White "Taron_Shagbazyan"]
[Black "enzovsky"]
[Result "1-0"]
[WhiteElo "2659"]
[BlackElo "2315"]
[TimeControl "180+1"]
[EndTime "10:16:06 PDT"]
[Termination "Taron_Shagbazyan won by resignation"]

1. d4 Nf6 2. c4 g6 3. Nc3 d5 4. Qb3 dxc4 5. Qxc4 Be6 6. Qa4+ Bd7 7. Qb3 c5 8. dxc5 Na6 9. Be3 Bc6 10. Nf3 Bg7 11. Ne5 O-O 12. Nxc6 bxc6 13. Qc4 Qa5 14. Bd2 Rad8 15. e4 Nb4 16. Rc1 Rxd2 17. Kxd2 Rd8+ 18. Ke1 Nxe4 19. Qxe4 Nxa2 20. Bc4 Bxc3+ 21.
bxc3 Nxc3 22. Bxf7+ Kf8 23. Qc2 Ne4+ 24. Kf1 Qb5+ 25. Bc4 Qxc4+ 26. Qxc4 Nd2+ 27. Ke2 Nxc4 28. Rxc4 1-0